 Dungeon Crawl Stone Soup version 0.21.0-3-g78d12a8 (webtiles) character file.

39 Dfrag the Grave Robber (level 3, 22/28 HPs)
             Began as a Deep Dwarf Necromancer on Jan 13, 2018.
             Quit the game on level 2 of the Dungeon.
             The game lasted 00:02:16 (901 turns).

Dfrag the Grave Robber (Deep Dwarf Necromancer)      Turns: 901, Time: 00:02:17

Health: 22/28      AC:  2    Str: 11    XL:     3   Next: 26%
Magic:  1/6        EV: 12    Int: 16    God:
Gold:   63         SH:  0    Dex: 13    Spells: 3/7 levels left

rFire    . . .     SeeInvis .   (no weapon)
rCold    . . .     Gourm    +   (no shield)
rNeg     . . .     Faith    .   a - +0 robe
rPois    .         Spirit   .   (no helmet)
rElec    .         Reflect  .   (no cloak)
rCorr    .         Harm     .   (no gloves)
MR       +....                  (no boots)
Stlth    ++........             f - amulet of the gourmand
HPRegen  0.00/turn              g - ring of protection from magic
MPRegen  0.10/turn              (no ring)

@: non-regenerating
A: damage resistance, heal wounds, sense surroundings 1, no regeneration
a: Heal Wounds


You were on level 2 of the Dungeon.
You were not hungry.

You visited 1 branch of the dungeon, and saw 2 of its levels.

You collected 63 gold pieces.

Inventory:

Missiles
 i - 4 javelins (quivered)
Armour
 a - a +0 robe (worn)
Jewellery
 f - an amulet of the gourmand (around neck)
 g - a ring of protection from magic (left hand)
Scrolls
 d - 2 scrolls of remove curse {unknown}
Potions
 e - a potion of invisibility {unknown}
Books
 b - a book of Necromancy

   Spells                             Type                      Level
   a - Pain                           Necromancy                   1
   b - Animate Skeleton               Necromancy                   1
   c - Vampiric Draining              Necromancy                   3
   d - Regeneration                   Charms/Necromancy            3
   e - Animate Dead                   Necromancy                   4
   f - Borgnjor's Vile Clutch         Necromancy/Earth             5
Comestibles
 c - a ration


   Skills:
 - Level 2.1 Dodging
 - Level 2.4 Stealth
 * Level 2.8 Spellcasting
 + Level 4.8 Necromancy


You had 3 spell levels left.
You knew the following spells:

 Your Spells              Type           Power        Failure   Level  Hunger
a - Pain                  Necr           ###.         2%          1    #......
b - Vampiric Draining     Necr           ###.......   8%          3    ###....


Dungeon Overview and Level Annotations

Branches:
Dungeon (2/15)

Altars:
Ashenzari


Innate Abilities, Weirdness & Mutations

You are resistant to damage.
You can heal yourself by infusing magical energy.
You passively map a small area around you.
You do not regenerate.


Message History

Casting: Pain
Confirm with . or Enter, or press ? or * to list all spells.
Aiming: Pain
Press: ? - help, Shift-Dir - straight line, f/p - bullfrog
Aim: a bullfrog (moderately wounded, chance to defeat MR: 76%)
The bullfrog writhes in agony!
The bullfrog misses you. The bullfrog barely misses you.
Unknown command.
Casting: Pain
Confirm with . or Enter, or press ? or * to list all spells.
Aiming: Pain
Press: ? - help, Shift-Dir - straight line, f/p - bullfrog
Aim: a bullfrog (heavily wounded, chance to defeat MR: 76%)
The bullfrog barely resists.
The bullfrog hits you.
* * * LOW HITPOINT WARNING * * *
Unknown command.
Your magical essence is drained by the effort!
You feel much better. The bullfrog hits you.
The bullfrog hits you but does no damage.
Are you sure you want to abandon this character and quit the game? (Confirm with "yes".)

#. #.. #.#########
+..., ..........#####
#...####.# ####.....#
.......#.####..<.....#
, .........##.###....#
,, ...#.#.##.# #....#
, , *#F#.._...# ##...#
, * #.@.#.#..# #†..##
***#######.##.# #...#
........##.###...####
.....................
*###############.#####
* .... ,....# * ....#
* #..#


You could see a bullfrog.

Vanquished Creatures
  An ooze (D:1)
  2 dart slugs (D:1)
  2 leopard geckos (D:1)
  8 bats
  A giant cockroach (D:1)
  3 goblins (D:1)
  5 hobgoblins (D:1)
  4 frilled lizards (D:1)
  2 kobolds (D:1)
  2 rats (D:1)
30 creatures vanquished.

Notes
Turn   | Place    | Note
-------+----------+-------------------------------------------
     0 | D:1      | Dfrag the Deep Dwarf Necromancer began the quest for the Orb.
     0 | D:1      | Reached XP level 1. HP: 15/15 MP: 3/3
   261 | D:1      | Reached XP level 2. HP: 16/22 MP: 3/5
   555 | D:1      | Reached XP level 3. HP: 17/28 MP: 0/6
   589 | D:1      | Learned a level 3 spell: Vampiric Draining
   888 | D:2      | Found a shattered altar of Ashenzari.
   893 | D:2      | Noticed a bullfrog
   901 | D:2      | Quit the game

Skill      XL: |  1 |
---------------+----+-----
Spellcasting   | 2 |  2.8
Dodging        | |  2.1
Stealth        | |  2.4
Necromancy     | |  4.8

Action                   || total
-------------------------++-------
Melee: Unarmed           ||    23
 Cast: Pain              ||    49
       Vampiric Draining ||     2
 Abil: Heal Wounds       ||     1
  Eat: Chunk             ||     3
Armor: Robe              ||    16
Dodge: Dodged            ||    32
